 Dungeon Crawl Stone Soup version 0.26-a0-1181-gd376ed14c5 (webtiles) character file.

Game seed: 8295026142254902796

6515 Mesmaeker13 the Nimble (level 10, -2/50 HPs)
             Began as a Deep Elf Fire Elementalist on Dec 25, 2020.
             Was an Elder of Vehumet.
             Slain by a seven-headed hydra (7 damage)
             ... on level 1 of the Lair of Beasts.
             The game lasted 00:31:40 (13702 turns).

Mesmaeker13 the Nimble (DEFE)                      Turns: 13702, Time: 00:31:41

Health: -2/50      AC:  9    Str:  6    XL:     10   Next: 69%
Magic:  22/22      EV: 18    Int: 29    God:    Vehumet [****..]
Gold:   138        SH:  0    Dex: 15    Spells: 4/23 levels left

rFire    + . .     SeeInvis .   q - +2 dagger (venom)
rCold    + . .     Faith    .   (no shield)
rNeg     . . .     Spirit   .   A - +0 leather armour
rPois    +         Reflect  +   r - +0 helmet
rElec    +         Harm     .   (no cloak)
rCorr    +         Rampage  .   E - +2 pair of gloves of Rinna {rPois}
Will     +....                  b - +1 pair of boots
Stlth    +.........             i - amulet of reflection
HPRegen  0.16/turn              y - ring of wizardry
MPRegen  0.18/turn              o - +6 ring of intelligence

@: confused, resistant, marked
A: no striking features
a: Renounce Religion


You were on level 1 of the Lair of Beasts.
You worshipped Vehumet.
Vehumet was greatly pleased with you.
You visited 3 branches of the dungeon, and saw 12 of its levels.

You collected 420 gold pieces.
You spent 282 gold pieces at shops.

Inventory:

Hand Weapons
 d - a +2 short sword of draining
 q - a +2 dagger of venom (weapon)
Armour
 b - a +1 pair of boots (worn)
 r - a +0 helmet (worn)
 A - a +0 leather armour (worn)
 E - the +2 pair of gloves of Rinna (worn) {rPois}
   (You bought it in a shop on level 7 of the Dungeon)

   It protects you from poison.
Jewellery
 i - an amulet of reflection (around neck)
 j - a +4 ring of slaying
 o - a +6 ring of intelligence (right hand)
 y - a ring of wizardry (left hand)
Wands
 t - a wand of enslavement (3)
Scrolls
 a - a scroll of magic mapping
 k - 2 scrolls of enchant armour
 l - 2 scrolls of remove curse
 u - a scroll of fog
 v - a scroll of enchant weapon
 w - a scroll of blinking
 C - 3 scrolls of torment
Potions
 e - 2 potions of mutation
 f - a potion of resistance
 g - a potion of curing
 h - a potion of haste
 m - 3 potions of might {unknown}
 n - a potion of magic {unknown}
 p - a potion of degeneration {unknown}
 s - 2 potions of heal wounds
 x - a potion of cancellation {unknown}
 z - a potion of berserk rage {unknown}


   Skills:
 + Level 10.1 Dodging
 - Level 2.4 Stealth
 - Level 7.1 Spellcasting
 + Level 9.0 Conjurations
 + Level 9.5 Fire Magic
 + Level 7.0 Earth Magic


You had 4 spell levels left.
You knew the following spells:

 Your Spells              Type           Power        Failure   Level
a - Foxfire               Conj/Fire      100%         1%          1
b - Conjure Flame         Conj/Fire      59%          1%          3
c - Bolt of Magma         Conj/Fire/Erth 28%          1%          5
d - Sandblast             Erth           100%         1%          1
e - Sticky Flame          Conj/Fire      59%          1%          4
f - Fireball              Conj/Fire      29%          1%          5

Your spell library contained the following spells:

 Spells                   Type           Power        Failure   Level
 Magic Dart               Conj           100%         1%          1
 Inner Flame              Hex/Fire       38%          1%          3


Dungeon Overview and Level Annotations

Branches:
Dungeon (10/15)            Temple (1/1) D:5            Lair (1/6) D:10
    Orc: D:9-12

Altars:
Hepliaklqana
Okawaru
Qazlal
Ru
Uskayaw
Vehumet
Wu Jian
Xom

Shops:
D:4 [   D:7 [   D:10 }*


Message History

The seven-headed hydra bites you but does no damage.
The seven-headed hydra misses you. x2; The seven-headed hydra bites you.
The seven-headed hydra misses you.
You bump into the rock wall.
Your polar bear bites the seven-headed hydra!
Your polar bear claws the seven-headed hydra. x2
The water moccasin closely misses your polar bear.
The water moccasin bites your polar bear but does no damage.
The seven-headed hydra bites your polar bear but does no damage. x2
The seven-headed hydra bites your polar bear. x2
The seven-headed hydra bites your polar bear!
The seven-headed hydra bites your polar bear but does no damage.
The seven-headed hydra bites your polar bear!
You bump into the rock wall.
The polar bear is no longer charmed.
The seven-headed hydra bites you. The seven-headed hydra bites you! x2
* * * LOW HITPOINT WARNING * * *
The seven-headed hydra bites you.
* * * LOW HITPOINT WARNING * * *
The seven-headed hydra bites you!
You die...

##..!.## ###....!.#
### ###........## #..#
###.P.#....#..##.^.#
###...........#.#....#
.........#...# .....
.......##...###..#
...........ShD@..#
....#.....######.###
..#......## #....
..........# #......
..#......#####........
# ##$....##..........#
..##....#.#.#....#.. .
#...........#......$
###......P.<........


You could see a seven-headed hydra, a polar bear and a water moccasin.

Vanquished Creatures
  A two-headed ogre (D:8)
  A komodo dragon (D:10)
  2 hornets
  2 wyverns (D:8)
  3 yaks (D:9)
  A steam dragon (D:10)
  4 ice beasts (D:7)
  A sky beast (D:9)
  A necrophage (D:9)
  4 orc warriors
  5 ogres
  3 wolves (D:10)
  3 centaurs
  2 bullfrogs
  5 scorpions
  5 killer bees (D:9)
  5 wights (D:10)
  2 electric eels (D:10)
  4 howler monkeys
  A bullfrog zombie (D:5)
  6 hounds
  4 jellies
  10 orc wizards
  5 orc priests
  A gnoll shaman (D:8)
  2 bullfrog skeletons
  9 worker ants
  2 hound skeletons
  Robin (D:4)
  A worker ant zombie (D:9)
  2 howler monkey skeletons (D:9)
  13 gnolls
  12 adders
  A shadow imp (D:5)
  5 white imps
  An ufetubus (D:8)
  2 oozes
  2 adder skeletons
  4 worms
  2 dart slugs
  5 leopard geckos
  30 orcs
  4 giant cockroaches
  19 goblins
  12 hobgoblins
  An iguana (D:4)
  3 jackals (D:6)
  6 kobolds
  4 quokkas
  6 bats
  7 frilled lizards
  A leopard gecko skeleton (D:4)
  6 rats
244 creatures vanquished.

Vanquished Creatures (others)
  A yak (D:9)
  751 foxfires
  2 fungi (Lair:1)
  4 plants (D:10)
758 creatures vanquished.

Grand Total: 1002 creatures vanquished

Notes
Turn   | Place    | Note
-------+----------+-------------------------------------------
     0 | D:1      | Mesmaeker13 the Deep Elf Fire Elementalist began the quest
                  | for the Orb.
     0 | D:1      | Reached XP level 1. HP: 10/10 MP: 6/6
   204 | D:1      | Reached XP level 2. HP: 15/15 MP: 2/8
   575 | D:1      | Reached skill level 3 in Dodging
   745 | D:1      | Reached XP level 3. HP: 19/19 MP: 7/10
   879 | D:2      | Learned a level 3 spell: Conjure Flame
   915 | D:2      | Found a radiant altar of Vehumet.
   936 | D:2      | Became a worshipper of Vehumet
  1061 | D:2      | Reached XP level 4. HP: 24/24 MP: 7/11
  1376 | D:2      | Found an ornate altar of the Wu Jian Council.
  1705 | D:2      | HP: 1/24 [worm (12)]
  2213 | D:3      | Reached * piety under Vehumet
  2213 | D:3      | Offered knowledge of Magic Dart by Vehumet.
  2222 | D:3      | Found a hazy altar of Hepliaklqana.
  2225 | D:3      | Learned a level 1 spell: Magic Dart
  2289 | D:3      | Found a hide-covered altar of Uskayaw.
  2390 | D:3      | Reached XP level 5. HP: 28/28 MP: 8/13
  3177 | D:3      | Reached skill level 4 in Dodging
  3788 | D:4      | Noticed an ogre
  3856 | D:4      | Killed an ogre
  3857 | D:4      | Reached XP level 6. HP: 32/32 MP: 11/15
  3938 | D:4      | Reached skill level 5 in Spellcasting
  4326 | D:4      | Noticed Robin
  4332 | D:4      | Reached skill level 5 in Fire Magic
  4586 | D:4      | Offered knowledge of Sandblast by Vehumet.
  4589 | D:4      | Learned a level 1 spell: Sandblast
  4691 | D:4      | Reached ** piety under Vehumet
  4933 | D:4      | Reached skill level 5 in Dodging
  4997 | D:4      | Found Sumoacash's Antique Armour Boutique.
  5253 | D:4      | Reached XP level 7. HP: 36/36 MP: 15/17
  5309 | D:4      | Killed Robin
  5392 | D:4      | You fall into a shaft and drop 2 floors!
  5467 | D:5      | Entered Level 5 of the Dungeon
  5486 | D:5      | Found a staircase to the Ecumenical Temple.
  5607 | D:5      | Found a sacrificial altar of Ru.
  6139 | D:5      | Found an iron altar of Okawaru.
  6584 | D:4      | You fall into a shaft and drop 3 floors!
  6602 | D:7      | Learned a level 4 spell: Sticky Flame
  6670 | D:7      | Reached skill level 6 in Dodging
  6670 | D:7      | Reached skill level 5 in Conjurations
  6670 | D:7      | Reached XP level 8. HP: 41/41 MP: 16/20
  7022 | D:7      | Found Qeqen's Armour Shoppe.
  7420 | D:7      | Offered knowledge of Dazzling Flash by Vehumet.
  7421 | D:7      | Reached skill level 1 in Earth Magic
  7973 | D:6      | HP: 2/41 [orc priest/divine providence (16)]
  8232 | D:7      | Reached skill level 7 in Dodging
  8323 | D:6      | Reached *** piety under Vehumet
  8717 | D:6      | Reached XP level 9. HP: 45/45 MP: 21/21
  9238 | D:4      | Found a shimmering altar of Xom.
  9361 | Temple   | Entered the Ecumenical Temple
  9761 | D:8      | Reached skill level 8 in Dodging
  9947 | D:8      | Offered knowledge of Ignite Poison by Vehumet.
 10761 | D:8      | Noticed a two-headed ogre
 10937 | D:9      | Reached skill level 5 in Earth Magic
 11151 | D:8      | Killed a two-headed ogre
 11152 | D:8      | Reached skill level 9 in Dodging
 11152 | D:8      | Reached XP level 10. HP: 44/50 MP: 11/22
 11365 | D:9      | Reached **** piety under Vehumet
 11476 | D:9      | Learned a level 5 spell: Fireball
 11664 | D:9      | Offered knowledge of Bolt of Magma by Vehumet.
 12223 | D:9      | Found a shimmering altar of Xom.
 12225 | D:9      | Found a stormy altar of Qazlal.
 12522 | D:7      | Bought the +2 pair of gloves of Rinna {rPois} for 282 gold
                  | pieces
 12561 | D:9      | Learned a level 5 spell: Bolt of Magma
 12578 | D:10     | Entered Level 10 of the Dungeon
 12778 | D:10     | Found Giuhic's General Store.
 12940 | D:10     | Found Eklee's Gadget Shop.
 13294 | D:10     | Found a staircase to the Lair.
 13377 | D:10     | Reached skill level 10 in Dodging
 13665 | Lair:1   | Entered Level 1 of the Lair of Beasts
 13668 | Lair:1   | Noticed a seven-headed hydra
 13702 | Lair:1   | Slain by a seven-headed hydra

Illustrated notes

Levels and vault maps discovered:
D:1:      dpeg_arrival_line_fractal, layout_rooms
D:2:      layout_rooms, lemuel_doored_altar, general_overflow_altar,
          grunt_ministairs_3
D:3:      layout_loops_corners, eat_drink_and_be_merry_uskayaw,
          nzn_hepliaklqana_mist_gate
D:4:      layout_rooms, serial_shops, kennysheep_mini, dk_xom_monty_hall,
          uniq_robin
D:5:      layout_gridville, lemuel_coloured_pillars_altar,
          minmay_temple_entry_wispy, nicolae_ru_the_path_less_chosen
D:6:      layout_loops_ring
D:7:      layout_gridville, serial_shops, shop_fountains
D:8:      layout_loops_ring, grunt_ministairs_7
D:9:      layout_basic, gammafunk_temple_overflow_pools
D:10:     layout_grid_maze, erik_lair_island, serial_shops, shop,
          kennysheep_little_box, shop, nicolae_shop_crystal, nicolae_shop_stone,
          worms_lemuel
Temple:   regret_index_temple_generic_petals
Lair:1:   layout_misc_corridors, beast_lair_carwin_5, serial_bayou_shore_b

Skill      XL: |  1  2  3  4  5  6  7  8  9 10 |
---------------+-------------------------------+-----
Dodging        | 3 4 5 6 7 9 10 | 10.1
Conjurations   | 2 3 4 5 6 8 9 |  9.0
Spellcasting   | 4 5 6 7 |  7.1
Fire Magic     | 4 5 6 7 8 9 |  9.5
Earth Magic    | 3 5 7 |  7.0
Stealth        | |  2.4

Action                   |  1- 3 |  4- 6 |  7- 9 | 10-12 || total
-------------------------+-------+-------+-------+-------++-------
Melee: Whip              |       |     2 |    11 |       ||    13
       Unarmed           |       |       |     7 |       ||     7
       Dagger            |       |       |    44 |    47 ||    91
Throw: Dart              |       |    28 |       |       ||    28
       Throwing net      |       |       |       |     1 ||     1
 Cast: Foxfire           |    49 |   113 |   212 |    79 ||   453
       Conjure Flame     |       |    10 |    13 |     6 ||    29
       Magic Dart        |       |     2 |     1 |     8 ||    11
       Sticky Flame      |       |       |    12 |    18 ||    30
       Fireball          |       |       |       |     6 ||     6
       Bolt of Magma     |       |       |       |     3 ||     3
Evoke: Wand              |       |     4 |    11 |     5 ||    20
  Use: Scroll            |       |    10 |     8 |     1 ||    19
       Potion            |       |     3 |     1 |     5 ||     9
 Stab: Paralysed         |       |       |    14 |     3 ||    17
       Sleeping          |       |       |     1 |       ||     1
Armor: Robe              |     4 |    20 |     7 |       ||    31
       Leather armour    |       |       |     9 |    21 ||    30
Dodge: Dodged            |     6 |    43 |   112 |    67 ||   228
Block: Other             |       |     4 |    31 |    17 ||    52
       Reflection        |       |       |     1 |     1 ||     2

Table legend: (Time is in decaauts)
 A = Elapsed time spent in this place.
 B = Non-inter-level travel time spent in this place.
 C = Inter-level travel time spent in this place.
 D = Time resting spent in this place.
 E = Time spent auto-exploring this place.
 F = Levels seen in this place.
 G = Mean time per level.
                   A        B        C        D        E       F      G
               +--------+--------+--------+--------+--------+-----+--------+
         Total |  13684 |  12835 |    849 |   4437 |   5688 |  12 | 1140.3 |
       Dungeon |  13657 |  12808 |    849 |   4437 |   5688 |  10 | 1365.7 |
        Temple |      1 |      1 |      0 |      0 |      0 |   1 |    1.0 |
          Lair |     25 |     25 |      0 |      0 |      0 |   1 |   25.0 |
               +--------+--------+--------+--------+--------+-----+--------+

Top non-repeatable levels by time:
     D:3: 1980 daAuts
     D:9: 1551 daAuts
     D:2: 1549 daAuts
     D:8: 1499 daAuts
     D:7: 1369 daAuts
     D:5: 1334 daAuts
     D:4: 1298 daAuts
     D:6: 1260 daAuts
    D:10: 945 daAuts
     D:1: 867 daAuts
  Lair:1: 25 daAuts
  Temple: 1 daAuts
